 Dungeon Crawl Stone Soup version 0.28-a0-1506-g3893175d92 (webtiles) character file.

Game seed: 17504802406803512098

3822 lunkers the Covert (level 9, -4/71 HPs)
             Began as a Vampire Delver on Jan 13, 2022.
             Was a Follower of Ashenzari.
             Slain by a five-headed hydra (15 damage)
             ... on level 8 of the Dungeon.
             The game lasted 00:16:15 (6563 turns).

lunkers the Covert (Vampire Delver)                 Turns: 6563, Time: 00:16:15

Health: -4/71      AC:  5    Str: 11    XL:     9   Next: 97%
Magic:  9/9        EV: 15    Int: 16    God:    Ashenzari [*.....]
Gold:   305        SH:  5    Dex: 16    Spells: 8/8 levels left

rFire   . . .      SeeInvis +   b - +5 scimitar (freeze)
rCold   . . .      Faith    .   (no shield)
rNeg    . . .      Spirit   .   u - +0 leather armour of the Mantic Augurer {Melee, Bglg} (curse)
rPois   .          Reflect  +   s - +0 helmet "Shattered With Me" {Elem, Bglg} (curse)
rElec   .          Harm     .   (no cloak)
rCorr   .          Rampage  .   i - +0 pair of gloves
Will    .....                   (no boots)
Stlth   +++++.....              p - amulet of reflection
HPRegen 0.41/turn               (no ring)
MPRegen 0.11/turn               (no ring)

@: healing quickly
A: alive, fangs 3, see invisible, vampiric 2
a: Exsanguinate, Renounce Religion, Shatter the Chains


You were on level 8 of the Dungeon.
You worshipped Ashenzari.
Ashenzari was aware of your devotion.
You visited 1 branch of the dungeon, and saw 8 of its levels.
You also visited: Bailey.

You collected 305 gold pieces.

Inventory:

Hand Weapons
 a - a +2 dagger of venom
 b - a +5 scimitar of freezing (weapon)
 l - a +0 vampiric short sword
Armour
 i - a +0 pair of gloves (worn)
 s - the cursed +0 helmet "Shattered With Me" (worn) {Elem, Bglg}
   (You found it on level 4 of the Dungeon)

   It has a curse which improves the following skills: Elements: Fire Magic, Ice
   Magic, Air Magic and Earth Magic.
   Beguiling: Conjurations, Hexes and Translocations.
 u - the cursed +0 leather armour of the Mantic Augurer (worn) {Melee, Bglg}

   It has a curse which improves the following skills: Melee Combat: Short
   Blades, Long Blades, Axes, Maces & Flails, Polearms, Staves and Unarmed
   Combat.
   Beguiling: Conjurations, Hexes and Translocations.
 z - a +1 robe of the Archmagi
Jewellery
 p - an amulet of reflection (around neck)
Wands
 g - a wand of digging (3)
 q - a wand of flame (15)
 w - a wand of paralysis (13)
Scrolls
 c - 2 scrolls of fog
 d - a scroll of magic mapping
 e - 3 scrolls of fear
 h - a scroll of blinking
 k - a scroll of teleportation
 t - a scroll of vulnerability
 x - 2 scrolls of torment
 y - a scroll of enchant armour
 A - a scroll of amnesia
Potions
 f - 4 potions of haste
 j - 4 potions of lignification
 m - 3 potions of curing
 n - a potion of mutation
 o - 2 potions of ambrosia
 r - a potion of flight
 v - a potion of cancellation
 B - a potion of invisibility


   Skills:
 + Level 6.5 Fighting
 - Level 8.0(9.8) Short Blades
 * Level 5.8(8.2) Long Blades
 + Level 7.3 Dodging
 - Level 12.0 Stealth


You had 8 spell levels left.
You didn't know any spells.
Your spell library contained the following spells:

 Spells                   Type           Power      Damage    Failure   Level
 Iskenderun's Battlesphe  Conj           0%         2d6       100%        5
 Iron Shot                Conj/Erth      0%         9d1       100%        6
 Spellforged Servitor     Conj/Summ      0%         N/A       100%        7


Dungeon Overview and Level Annotations

Branches:
Dungeon (8/15)             Temple (0/1) D:6          Bailey (visited)
   Lair: D:8-11

Altars:
Ashenzari
Cheibriados
Elyvilon
Fedhas
Hepliaklqana
Ru
Trog
Uskayaw
Vehumet
Wu Jian
Xom

Annotations:
D:4 Blork the orc
D:5 2 transporters, finalsalamander's ghost, novice NaWn


Innate Abilities, Weirdness & Mutations

Your natural rate of healing is accelerated.
You have razor-sharp teeth.
You have supernaturally acute eyesight. (SInv)
You are afflicted with vampirism and can become a bat while bloodless.


Message History

The puff of flame hits the five-headed hydra.
The five-headed hydra is heavily wounded.
Aiming: Throw Flame
Press: ? - help, Shift-Dir - straight line, f/p - five-headed hydra
Aim: a five-headed hydra (heavily wounded, 89% to hit)
The puff of flame hits the five-headed hydra!
The five-headed hydra is severely wounded.
The five-headed hydra closely misses you. x2
The five-headed hydra bites you but does no damage.
The five-headed hydra closely misses you. x2
Aiming: Throw Flame
Press: ? - help, Shift-Dir - straight line, f/p - five-headed hydra
Aim: a five-headed hydra (severely wounded, 89% to hit)
The puff of flame hits the five-headed hydra!
The five-headed hydra is severely wounded.
You block the five-headed hydra's attack.
The five-headed hydra bites you. x3; The five-headed hydra bites you!
Aiming: Throw Flame
Press: ? - help, Shift-Dir - straight line, f/p - five-headed hydra
Aim: a five-headed hydra (severely wounded, 89% to hit)
The puff of flame hits the five-headed hydra!
The five-headed hydra is almost dead.
The five-headed hydra bites you! x2
* * * LOW HITPOINT WARNING * * *
The five-headed hydra bites you.
* * * LOW HITPOINT WARNING * * *
The five-headed hydra bites you.
* * * LOW HITPOINT WARNING * * *
The five-headed hydra barely misses you.
Aiming: Throw Flame
Press: ? - help, Shift-Dir - straight line, f/p - five-headed hydra
Aim: a five-headed hydra (almost dead, 89% to hit)
The puff of flame misses the five-headed hydra.
The five-headed hydra bites you but does no damage.
The five-headed hydra bites you.
* * * LOW HITPOINT WARNING * * *
The five-headed hydra bites you.
* * * LOW HITPOINT WARNING * * *
The five-headed hydra bites you!
You die...

######.##.?.#
.........##..#
########.##..#
#)##..#
##.##..#
##...#..#
.######..#....#
.....5D.###...#
####@.#...##
..#######...#.#
..............#
...........####
.###########


You could see a five-headed hydra and a white imp.

Vanquished Creatures
  Pikel (D:8)
  Sigmund (D:4)
  3 water moccasins
  An orc warrior (D:7)
  3 necrophages
  An ice beast (D:5)
  3 black bears
  A sky beast (D:5)
  3 ogres (D:5)
  2 centaurs
  2 lemures (D:8)
  A phantom (D:5)
  A bullfrog (D:6)
  7 scorpions
  2 wights
  2 howler monkeys
  6 hounds
  2 centaur skeletons
  2 gnoll shamans
  2 bullfrog skeletons
  3 orc priests
  2 jellies
  Ijyb (D:4)
  3 iguanas
  2 orc wizards
  A hound zombie (D:5)
  A hound skeleton (D:4)
  A howler monkey zombie (D:7)
  9 gnolls
  7 adders
  2 ufetubi
  A worm (D:5)
  2 dart slugs
  19 orcs
  6 bats
  10 endoplasms
  3 giant cockroaches
  8 goblins
  7 hobgoblins
  4 jackals (D:3)
  3 quokkas
  11 ball pythons
  5 frilled lizards
  8 kobolds
  6 rats
171 creatures vanquished.

Notes
Turn   | Place    | Note
-------+----------+-------------------------------------------
     0 | D:5      | lunkers the Vampire Delver began the quest for the Orb.
     0 | D:5      | Reached XP level 1. HP: 17/17 MP: 1/1
     7 | D:5      | Found a radiant altar of Vehumet.
     9 | D:5      | Noticed an iguana
    12 | D:5      | Killed an iguana
    13 | D:5      | Reached XP level 2. HP: 23/23 MP: 2/2
    37 | D:5      | Reached skill level 8 in Stealth
    37 | D:5      | Gained mutation: You are afflicted with vampirism and can
                  | become a bat while bloodless. [Vampire growth]
    37 | D:5      | Reached XP level 3. HP: 20/28 MP: 3/3
    40 | D:5      | Found a snail-covered altar of Cheibriados.
    77 | D:4      | Noticed a scorpion
   192 | D:5      | Reached XP level 4. HP: 18/34 MP: 4/4
  1071 | D:1      | You fall into a shaft and drop 1 floor!
  1146 | D:1      | Reached skill level 9 in Stealth
  1286 | D:1      | Found a faded altar of an unknown god.
  1504 | D:2      | Found a shimmering altar of Xom.
  1681 | D:3      | Reached XP level 5. HP: 39/39 MP: 5/5
  1718 | D:3      | Noticed a +0 dagger
  1719 | D:3      | Noticed a +0 hand axe
  1720 | D:3      | Found a hide-covered altar of Uskayaw.
  1964 | D:3      | Found an ornate altar of the Wu Jian Council.
  2196 | D:4      | Reached skill level 5 in Short Blades
  2199 | D:4      | Reached skill level 10 in Stealth
  2199 | D:4      | Reached XP level 6. HP: 46/46 MP: 6/6
  2269 | D:4      | Noticed Sigmund
  2280 | D:4      | Killed Sigmund
  2309 | D:4      | Noticed Blork the orc
  2528 | D:4      | Reached XP level 7. HP: 27/51 MP: 7/7
  2587 | D:4      | Reached skill level 11 in Stealth
  2863 | D:4      | Noticed Ijyb
  2868 | D:4      | Killed Ijyb
  3251 | D:5      | Reached skill level 12 in Stealth
  3335 | D:5      | Reached XP level 8. HP: 57/57 MP: 8/8
  3650 | D:5      | Found a transporter.
  3659 | D:5      | Noticed finalsalamander's ghost (novice NaWn)
  3662 | D:5      | Found a transporter.
  3717 | D:5      | Found a broken altar of Ashenzari.
  3741 | D:5      | Reached skill level 5 in Dodging
  3781 | D:5      | Reached skill level 5 in Fighting
  4187 | D:5      | Became a worshipper of Ashenzari the Shackled
  4411 | D:6      | Reached XP level 9. HP: 41/64 MP: 9/9
  4513 | D:6      | Reached skill level 1 in Long Blades
  4886 | D:6      | Found a staircase to the Ecumenical Temple.
  5078 | D:6      | Found a hazy altar of Hepliaklqana.
  5079 | D:6      | Found a shimmering altar of Xom.
  5080 | D:6      | Noticed a spectral ugly thing
  5413 | D:7      | Found a flagged portal.
  5459 | Bailey   | Entered a bailey
  5486 | Bailey   | HP: 1/69 [gnoll (8)]
  5964 | D:7      | Reached * piety under Ashenzari
  5966 | D:7      | Found a bloodstained altar of Trog.
  5985 | D:7      | Reached skill level 5 in Long Blades
  6346 | D:8      | Found a blossoming altar of Fedhas.
  6346 | D:8      | Found a sacrificial altar of Ru.
  6485 | D:8      | Noticed Pikel
  6505 | D:8      | Killed Pikel
  6553 | D:8      | Noticed a five-headed hydra
  6563 | D:8      | Slain by a five-headed hydra

Illustrated notes

Levels and vault maps discovered:
D:1:      sevenhm_arrival_forest_fort_small_4, layout_loops_ring,
          shapermc_ecumenical_altar_petra
D:2:      layout_rooms, basic_altar
D:3:      layout_loops_cross, dancing_weapons_uskayaw, overflow_temple_1_default
D:4:      layout_basic, minmay_misc_feat_encased, grunt_ministairs_14,
          uniq_sigmund, uniq_ijyb, uniq_blork_the_orc
D:5:      layout_rooms, elyvilon_altar_1, ashenzari_altar_1,
          cheibriados_altar_1, old_standard_altar, gammafunk_ghost_arena
D:6:      layout_loops_ring, regret_index_temple_of_mockery,
          minmay_temple_entry_fiery
D:7:      layout_rooms, trog_butcher_becter, enter_bailey_3
D:8:      layout_loops_ring, minitemple, mainiacjoe_overflow_catwalk_spiral,
          uniq_pikel, uniq_psyche

Skill      XL: |  1  2  3  4  5  6  7  8  9 |
---------------+----------------------------+-----
Short Blades   | 3 4 5 6 7 8 |  8.0
Stealth        | 8 9 10 12 | 12.0
Fighting       | 5 6 |  6.5
Dodging        | 5 7 |  7.3
Long Blades    | 5 |  5.8

Action                   |  1- 3 |  4- 6 |  7- 9 || total
-------------------------+-------+-------+-------++-------
Melee: Short sword       |    27 |    56 |       ||    83
       Bite              |     2 |    11 |    37 ||    50
       Punch             |     1 |     1 |     5 ||     7
       Dagger            |       |   112 |   165 ||   277
       Scimitar          |       |       |   150 ||   150
Invok: Curse Item        |       |       |     2 ||     2
Evoke: Wand              |       |       |    10 ||    10
  Use: Scroll            |       |     6 |     6 ||    12
       Potion            |       |       |     1 ||     1
 Stab: Sleeping          |     1 |    39 |    26 ||    66
Armor: Leather armour    |     4 |    31 |    36 ||    71
Dodge: Dodged            |    15 |    62 |   225 ||   302
Block: Other             |       |     5 |    59 ||    64

Table legend: (Time is in decaauts)
 A = Elapsed time spent in this place.
 B = Non-inter-level travel time spent in this place.
 C = Inter-level travel time spent in this place.
 D = Time resting spent in this place.
 E = Time spent auto-exploring this place.
 F = Levels seen in this place.
 G = Mean time per level.
                   A        B        C        D        E       F      G
               +--------+--------+--------+--------+--------+-----+--------+
         Total |   6496 |   6051 |    445 |    429 |   4081 |   9 |  721.8 |
       Dungeon |   6465 |   6020 |    445 |    429 |   4081 |   8 |  808.1 |
        Bailey |     31 |     31 |      0 |      0 |      0 |   1 |   31.0 |
               +--------+--------+--------+--------+--------+-----+--------+

Top non-repeatable levels by time:
     D:5: 1197 daAuts
     D:4: 1071 daAuts
     D:6: 970 daAuts
     D:1: 899 daAuts
     D:3: 811 daAuts
     D:7: 758 daAuts
     D:2: 423 daAuts
     D:8: 332 daAuts
  Bailey: 31 daAuts
